 Dungeon Crawl Stone Soup version 0.21.1-1-g345015f (webtiles) character file.

161027 zishaf the Severer (level 16, -3/128 HPs)
             Began as a Minotaur Fighter on May 15, 2018.
             Was a High Priest of Okawaru.
             Slain by a crystal guardian (17 damage)
             ... on level 4 of the Abyss.
             The game lasted 01:39:03 (33421 turns).

zishaf the Severer (Minotaur Fighter)              Turns: 33421, Time: 01:39:05

Health: -3/128     AC: 31    Str: 27      XL:     16   Next: 93%
Magic:  14/14      EV: 18    Int:  4 (5)  God:    Okawaru [*****.]
Gold:   2285       SH: 11    Dex: 23      Spells: 15/15 levels left

rFire    + + .     SeeInvis +   h - +7 hand axe of Nutuann {speed, rC- Str+6 Dex+2}
rCold    + . .     Gourm    .   j - +0 buckler {AC+3}
rNeg     . . .     Faith    .   L - +9 chain mail of Divine Intervention {MR+}
rPois    +         Spirit   .   (helmet unavailable)
rElec    +         Reflect  .   n - scarf {rC+ rF+}
rCorr    +         Harm     .   A - +0 pair of gloves {Dex+3}
MR       ++...     Rnd*Rage +   x - +0 pair of boots
Stlth    +.........             u - amulet of rage
HPRegen  0.31/turn              Q - ring of see invisible
MPRegen  0.14/turn              w - ring "Gifozifo" {Wiz rElec}

@: agile, about to teleport, resistant, heroism, very slightly contaminated
A: retaliatory headbutt, horns 3, large bone plates 1, [berserk 2],
[deterioration 2], [frail 2], [low mp 3], [weak 2], wild magic 2, [subdued magic
2], [MP-powered wands]
}: 1/15 runes: abyssal
a: Heroism, Finesse, Renounce Religion, Evoke Berserk Rage


You were on level 4 of the Abyss.
You worshipped Okawaru.
Okawaru was extremely pleased with you.
You were not hungry.

You visited 5 branches of the dungeon, and saw 26 of its levels.
You visited the Abyss 2 times.
You also visited: Ice Cave.

You collected 2657 gold pieces.
You spent 372 gold pieces at shops.

Inventory:

Hand Weapons
 b - the +1 flail "Vita" {drain, rC++ Dex+7}
   (You found it on level 6 of the Lair of Beasts)

   A truly terrible weapon, it drains the life of those it strikes.
   It affects your dexterity (+7).
   It greatly protects you from cold.
 h - the +7 hand axe of Nutuann (weapon) {speed, rC- Str+6 Dex+2}
   (You found it on level 14 of the Dungeon)

   Attacks with this weapon are significantly faster.
   It affects your strength (+6).
   It affects your dexterity (+2).
   It makes you vulnerable to cold.
 z - a +2 executioner's axe of electrocution
 J - the +3 whip of Circular Logic {venom, rC+ Int+7}
   (You found it on level 6 of the Lair of Beasts)

   It poisons the flesh of those it strikes.
   It affects your intelligence (+7).
   It protects you from cold.
Missiles
 t - 2 poisoned javelins (quivered)
 E - 21 tomahawks
 R - 9 silver tomahawks
Armour
 j - a +0 buckler of protection (worn)
 n - a scarf of resistance (worn)
 o - the +8 plate armour of Xeniong {MR- Regen+ Str+5, unknown}
   (You found it on level 3 of the Abyss)

   It affects your strength (+5).
   It affects your resistance to hostile enchantments.
   It increases your rate of regeneration.
 q - a +0 shield of poison resistance
 x - a +0 pair of boots (worn)
 A - a +0 pair of gloves of dexterity (worn)
 I - a +10 plate armour of ponderousness
 L - the +9 chain mail of Divine Intervention (worn) {MR+}
   (You found it on level 15 of the Dungeon)

   It affects your resistance to hostile enchantments.
Jewellery
 s - an uncursed amulet of the gourmand
 u - an amulet of rage (around neck)
 w - the ring "Gifozifo" (right hand) {Wiz rElec}
   (You found it on level 4 of the Dungeon)

   [ring of wizardry]

   It improves your spell success rate.
   It insulates you from electricity.
 y - an uncursed ring of fire {unknown}
 G - an uncursed ring of protection from fire
 O - a cursed ring of magical power
 Q - a ring of see invisible (left hand)
Wands
 m - a wand of acid (5)
 M - a wand of enslavement (11)
 N - a wand of digging (12)
Scrolls
 c - 2 scrolls of identify
 e - 3 scrolls of enchant weapon
 g - 6 scrolls of teleportation
 i - 7 scrolls of remove curse
 k - 2 scrolls of blinking
 p - 5 scrolls of fog
 r - 4 scrolls of fear
 v - 3 scrolls of enchant armour
 H - a scroll of silence
Potions
 a - 4 potions of agility
 d - 4 potions of might
 l - 4 potions of lignification
 B - 2 potions of curing
 C - a potion of haste
 D - 3 potions of magic {unknown}
 K - 2 potions of flight {unknown}
 U - 3 potions of invisibility
 V - 3 potions of resistance
 W - a potion of berserk rage
Miscellaneous
 P - a phantom mirror
 X - a box of beasts
Comestibles
 f - 40 rations
 F - 4 chunks of flesh


   Skills:
 + Level 19.0(24.0) Fighting
 * Level 20.8(25.8) Axes
 - Level 6.0(11.0) Throwing
 - Level 15.0(20.0) Armour
 - Level 4.0(9.0) Shields
 - Level 8.0 Invocations
 - Level 8.0 Evocations


You had 15 spell levels left.
You didn't know any spells.

Dungeon Overview and Level Annotations

Branches:
Dungeon (15/15)            Temple (1/1) D:6            Lair (6/6) D:8
  Swamp (0/4) Lair:2       Spider (0/4) Lair:4        Slime (0/5) Lair:6
    Orc (2/2) D:10            Elf (2/3) Orc:2        Vaults (0/5) D:13
 Depths (0/5) D:15

Altars:
Ashenzari
Cheibriados
Dithmenos
Elyvilon
Fedhas
Gozag
Hepliaklqana
Kikubaaqudgha
Makhleb
Nemelex Xobeh
Okawaru
Qazlal
Ru
Sif Muna
Trog
Uskayaw
Vehumet
Wu Jian
Xom
Zin
The Shining One
Beogh

Shops:
D:7 (   Orc:2 %[*!

Annotations:
Lair:3 exclusion: 3 oklob plants


Innate Abilities, Weirdness & Mutations

You reflexively headbutt those who attack you in melee.
You have a pair of large horns on your head.
You are partially covered in large bone plates. (SH +4)
Your spells are harder to cast, but more powerful.
[You often lose your temper in combat.]
[Your body often deteriorates upon taking damage.]
[You are very frail. (-20% HP)]
[Your magical capacity is extremely low. (-30% MP)]
[You are very weak. (Str -4)]
[Your spells are easier to cast, but less powerful.]
[You expend magic power (3 MP) to strengthen your wands.]


Message History

The unseen horror misses you. You furiously retaliate!
You headbutt the unseen horror, but do no damage.
The unseen horror hits you but does no damage.
The thrashing horror barely misses you. You furiously retaliate!
You headbutt the thrashing horror, but do no damage.
The thrashing horror tramples you.
* * * LOW HITPOINT WARNING * * *
You hold your ground!
The unseen horror hits you!
* * * LOW HITPOINT WARNING * * *
The guardian serpent misses you.
The unseen horror hits you but does no damage.
You block the unseen horror's attack. The thrashing horror tramples you!
* * * LOW HITPOINT WARNING * * *
You hold your ground!
You block the thrashing horror's attack.
The great orb of eyes bites you but does no damage.
The thrashing horror tramples you but does no damage. x2
The guardian serpent hits you but does no damage.
The unseen horror barely misses you. The crystal guardian hits you!
You die...

#.#..##. .# .##
...... #. ....
.......##
#...#####... # .
.##([[##. #.#
#..##(φ(/x##....
#..#(/[X[x?#..#
#??xX@xX#.
...#?%x8GS?#...#
#..##(8hXh##..#.
. ###[)G### .#
##.#S''#.# #
#.....h..# #. #
..†....## #..
#.........# ..
##......h##


You could see 2 great orbs of eyes, 2 crystal guardians, 4 thrashing horrors, 2
guardian serpents, 5 unseen horrors and 3 raiju.

Vanquished Creatures
  Nikola (Elf:2)
  Rupert (D:13)
  Donald (Orc:2)
  Kirke (D:13)
  Roxanne (Elf:1)
  An orc warlord (Orc:2)
  Aizul (Elf:1)
  Louise (Elf:1)
  Nessos (D:13)
  A deep elf demonologist (Elf:2)
  Azrael (Orc:2)
  A deep elf death mage (Elf:1)
  An ettin (Orc:2)
  A yaktaur captain (D:14)
  The ghost of zishaf the Severer, a journeyman MiFi of Gozag (Lair:2)
  A fire dragon (D:15)
  An ice dragon (D:15)
  A rakshasa (D:12)
  11 hydras
  Erica (Lair:2)
  Harold (Lair:2)
  A centaur warrior (D:15)
  5 two-headed ogres
  3 tengu warriors
  5 dancing weapons
  3 death yaks (Lair:3)
  8 thrashing horrors (Abyss:4)
  4 orc high priests (Orc:2)
  Sonja (D:10)
  3 deep elf knights (Elf:2)
  A sixfirhy (Abyss:4)
  A skeletal warrior (D:14)
  A wretched star (Abyss:3)
  A deep troll (D:14)
  6 deep elf archers
  5 unseen horrors
  A glowing orange brain (Abyss:3)
  2 wolf spider zombies
  8 orc knights
  4 orc sorcerers (Orc:2)
  14 deep elf magi
  An ugly thing (D:11)
  A cyclops (shapeshifter) (D:14)
  5 manticores
  3 cyclopes
  A worldbinder (Abyss:3)
  A wolf spider (D:11)
  11 elephants
  4 black mambas
  2 molten gargoyles (Lair:3)
  4 centaur zombies
  The ghost of skjohnston the Shield-Bearer, a novice MiFi (D:5)
  A guardian serpent (shapeshifter) (Abyss:4)
  2 ice statues (IceCv)
  A centaur skeleton (D:11)
  2 gargoyles
  22 spiny frogs
  11 komodo dragons
  7 rime drakes
  2 efreet
  A freezing wraith (D:14)
  2 kobold demonologists (D:11)
  A demonic crawler (Abyss:3)
  6 hellwings
  9 ice devils (IceCv)
  A tengu conjurer (D:15)
  A polar bear (Lair:4)
  3 meliai (D:14)
  A jumping spider (Lair:4)
  4 trolls
  4 tyrant leeches (Lair:6)
  A hornet (D:11)
  8 raiju (Abyss:4)
  25 blink frogs (Lair:6)
  11 dream sheep
  18 hippogriffs
  2 flying skulls (Abyss:4)
  3 wraiths
  3 air elementals
  5 shadows
  A spriggan (D:9)
  A water elemental (Elf:1)
  5 wyverns
  4 basilisks
  3 hungry ghosts
  39 yaks
  2 chaos spawn (Abyss:3)
  3 fire elementals (Orc:2)
  4 hogs (D:13)
  5 small abominations
  Grum (D:8)
  A neqoxec (Abyss:3)
  A fire bat (shapeshifter) (Abyss:4)
  16 humans (D:13)
  16 vampire mosquitoes
  5 wargs (Orc:2)
  A swamp worm (Lair:2)
  An acid dragon (D:15)
  A harpy simulacrum (D:15)
  13 water moccasins
  4 hell hounds (Orc:2)
  10 porcupines
  4 sky beasts
  A hornet zombie (D:12)
  41 orc warriors
  3 necrophages
  8 ice beasts
  An eye of draining (D:14)
  6 phantoms
  9 wolves
  18 ogres
  12 crocodiles
  5 centaurs
  5 big kobolds
  27 bullfrogs
  2 earth elementals
  10 scorpions
  2 wyvern skeletons
  2 water moccasin skeletons
  7 killer bees (D:8)
  3 howler monkeys
  23 wights
  2 electric eels
  5 crimson imps
  5 lava snakes (Lair:3)
  6 jellies
  A quasit (D:6)
  A bullfrog zombie (D:11)
  31 orc priests
  7 hounds
  Crazy Yiuf (D:2)
  5 bullfrog skeletons
  29 orc wizards
  6 iguanas
  Natasha (thrice) (D:2)
  10 worker ants
  A hound skeleton (D:7)
  15 adders
  A howler monkey skeleton (D:4)
  4 shadow imps
  9 white imps (IceCv)
  7 ufetubi (IceCv)
  An ooze (D:2)
  2 adder zombies
  An adder skeleton (D:10)
  A worm (D:3)
  4 dart slugs
  6 leopard geckos
  109 orcs
  3 giant cockroaches
  5 goblins
  10 hobgoblins
  4 jackals
  16 kobolds
  8 quokkas
  A ball python (D:3)
  8 bats
  4 frilled lizards
  A leopard gecko skeleton (D:5)
  2 quokka skeletons
  8 rats
  8 fungi
  A lurking horror (Abyss:4)
  2 plants
979 creatures vanquished.

Vanquished Creatures (others)
  A reaper (IceCv)
  A shadow (D:14)
  A water elemental (Elf:2)
  A hound (D:13)
  2 white imps (IceCv)
  An ufetubus (IceCv)
  7 fungi
  A lurking horror (Abyss:4)
  18 plants
  8 starspawn tentacles (Abyss:4)
41 creatures vanquished.

Grand Total: 1020 creatures vanquished

Notes
Turn   | Place    | Note
-------+----------+-------------------------------------------
     0 | D:1      | zishaf the Minotaur Fighter began the quest for the Orb.
     0 | D:1      | Reached XP level 1. HP: 19/19 MP: 0/0
   111 | D:1      | Reached skill level 3 in Axes
   115 | D:1      | Reached XP level 2. HP: 15/26 MP: 1/1
   409 | D:1      | Reached skill level 4 in Axes
   698 | D:2      | Reached XP level 3. HP: 19/31 MP: 2/2
   733 | D:2      | Noticed Natasha
   735 | D:2      | Killed Natasha
   735 | D:2      | Reached skill level 5 in Axes
   735 | D:2      | Reached XP level 4. HP: 29/39 MP: 3/3
   844 | D:2      | Found a white marble altar of Elyvilon.
   896 | D:2      | Noticed Natasha
   900 | D:2      | Killed Natasha
  1029 | D:2      | Reached skill level 6 in Axes
  1112 | D:2      | Reached XP level 5. HP: 40/45 MP: 4/4
  1179 | D:2      | Found a runed door.
  1205 | D:2      | Found a blossoming altar of Fedhas.
  1352 | D:2      | Noticed Natasha
  1363 | D:2      | Killed Natasha
  1767 | D:2      | Noticed Crazy Yiuf
  1771 | D:2      | Killed Crazy Yiuf
  1771 | D:2      | Reached skill level 7 in Axes
  1845 | D:3      | Reached XP level 6. HP: 40/51 MP: 5/5
  2103 | D:3      | Reached skill level 8 in Axes
  2412 | D:4      | Reached skill level 9 in Axes
  2486 | D:4      | Reached XP level 7. HP: 46/57 MP: 6/6
  2494 | D:4      | Got a faintly glowing golden ring
  2496 | D:4      | Identified the ring "Gifozifo" {Wiz rElec} (You found it on level 4 of the Dungeon)
  2685 | D:5      | Entered Level 5 of the Dungeon
  2717 | D:5      | Noticed skjohnston's ghost (novice MiFi)
  2727 | D:5      | Killed skjohnston's ghost
  2727 | D:5      | Reached skill level 10 in Axes
  2899 | D:5      | Reached skill level 11 in Axes
  2899 | D:5      | Reached XP level 8. HP: 66/66 MP: 7/7
  3275 | D:5      | Reached skill level 5 in Fighting
  3275 | D:5      | Reached skill level 5 in Armour
  3375 | D:5      | You fall through a shaft!
  3528 | D:6      | Found a sacrificial altar of Ru.
  3615 | D:6      | Found a staircase to the Ecumenical Temple.
  3633 | Temple   | Entered the Ecumenical Temple
  3790 | Temple   | Became a worshipper of Warmaster Okawaru
  3924 | D:6      | Reached XP level 9. HP: 79/79 MP: 8/8
  4992 | D:7      | Reached * piety under Okawaru
  5057 | D:7      | Found Uhiaph's Antique Weapon Boutique.
  5060 | D:7      | Bought an encrusted hand axe for 232 gold pieces
  5060 | D:7      | Identified the +7 hand axe of Watchfulness {chop, Fragile Dex+5} (You bought it in a shop on level 7 of the Dungeon)
  5142 | D:7      | Found a glowing silver altar of Zin.
  5175 | D:7      | Reached skill level 12 in Axes
  5315 | D:7      | Paralysed by fainting for 11 turns
  5566 | D:7      | Reached ** piety under Okawaru
  5708 | D:8      | Noticed Grum
  5711 | D:8      | Reached XP level 10. HP: 71/91 MP: 9/9
  5761 | D:8      | Killed Grum
  5762 | D:8      | Found a staircase to the Lair.
  6172 | D:8      | Reached *** piety under Okawaru
  6224 | D:8      | Reached skill level 13 in Axes
  6319 | D:8      | Found a shimmering altar of Xom.
  6330 | D:8      | Reached skill level 10 in Armour
  6390 | D:8      | Reached skill level 10 in Fighting
  6554 | D:8      | Found a hazy altar of Hepliaklqana.
  7190 | D:9      | Reached **** piety under Okawaru
  7430 | D:9      | Found a hide-covered altar of Uskayaw.
  7658 | D:9      | Found a bloodstained altar of Trog.
  7724 | D:10     | Entered Level 10 of the Dungeon
  7910 | D:10     | Noticed Sonja
  7914 | D:10     | Found a staircase to the Orcish Mines.
  7923 | D:10     | Killed Sonja
  7923 | D:10     | Reached XP level 11. HP: 40/101 MP: 10/10
  8503 | D:10     | Got a crystal whip
  8506 | D:10     | Identified the +4 whip "Vyatzioff" {antimagic, rPois rC+ Str+6} (You found it on level 10 of the Dungeon)
  8509 | D:10     | Gained mutation: Your spells are a little harder to cast, but a little more powerful. [potion of mutation]
  8509 | D:10     | Gained mutation: Your spells are harder to cast, but more powerful. [potion of mutation]
  8509 | D:10     | Gained mutation: You are partially covered in large bone plates. (SH +4) [potion of mutation]
  8509 | D:10     | Gained mutation: You have a pair of large horns on your head. [potion of mutation]
  8660 | D:11     | Noticed a purple ugly thing
  8674 | D:11     | Killed a purple ugly thing
  8854 | D:11     | Reached skill level 14 in Axes
  9058 | D:11     | Noticed a wolf spider
  9066 | D:11     | Reached ***** piety under Okawaru
  9071 | D:11     | Killed a wolf spider
  9371 | D:11     | Noticed a two-headed ogre
  9380 | D:11     | Killed a two-headed ogre
  9987 | Lair:1   | Entered Level 1 of the Lair of Beasts
 10005 | Lair:1   | Received a gift from Okawaru
 10053 | Lair:1   | Noticed a six-headed hydra
 10067 | Lair:1   | Got a twisted rapier
 10086 | Lair:1   | Killed a 17-headed hydra
 10319 | Lair:1   | Reached skill level 1 in Evocations
 10331 | Lair:1   | Noticed an eight-headed hydra
 10350 | Lair:1   | Killed a 19-headed hydra
 11204 | Lair:2   | Reached XP level 12. HP: 89/113 MP: 13/13
 11438 | Lair:2   | Noticed Erica
 11446 | Lair:2   | Noticed Harold
 11463 | Lair:2   | Killed Erica
 11471 | Lair:2   | Killed Harold
 11939 | Lair:2   | Reached skill level 5 in Evocations
 12068 | Lair:2   | Found a staircase to the Swamp.
 12245 | Lair:2   | Received a gift from Okawaru
 12321 | Lair:2   | Noticed zishaf's ghost (journeyman MiFi)
 12334 | Lair:2   | Killed zishaf's ghost
 12570 | Lair:3   | Identified the cursed +3 rapier of Righteous Fury {speed, Dex+2} (You found it on level 1 of the Lair of Beasts)
 12578 | Lair:3   | Reached skill level 1 in Throwing
 12761 | Lair:3   | Noticed a seven-headed hydra
 12779 | Lair:3   | Killed a ten-headed hydra
 12779 | Lair:3   | Received a gift from Okawaru
 12785 | Lair:3   | Got a shimmering ring mail {god gift}
 12962 | Lair:3   | Identified the +0 ring mail "Movuff" {Str+3} (Okawaru gifted it to you on level 3 of the Lair of Beasts)
 12995 | Lair:3   | Noticed a death yak
 12996 | Lair:3   | Noticed a death yak
 12997 | Lair:3   | Noticed a death yak
 13005 | Lair:3   | Killed a death yak
 13010 | Lair:3   | Killed a death yak
 13016 | Lair:3   | Killed a death yak
 13730 | Lair:3   | Reached skill level 1 in Invocations
 13935 | Lair:4   | Reached XP level 13. HP: 61/122 MP: 10/18
 14195 | Lair:4   | Found a hole to the Spider Nest.
 14355 | Lair:4   | Received a gift from Okawaru
 14441 | Lair:4   | Found a frozen archway.
 14538 | IceCv    | Entered an ice cave
 14624 | IceCv    | Killed a reaper
 15347 | IceCv    | Received a gift from Okawaru
 15790 | IceCv    | Reached skill level 5 in Invocations
 16307 | IceCv    | Got a fine demon blade
 16405 | IceCv    | Identified the +4 demon blade of Revolt {elec, *Slow rElec rPois Dex+4} (You found it in an ice cave)
 17192 | Lair:4   | Reached skill level 15 in Fighting
 17193 | Lair:4   | Received a gift from Okawaru
 18447 | Lair:5   | Reached XP level 14. HP: 128/136 MP: 12/19
 19178 | Orc:1    | Entered Level 1 of the Orcish Mines
 19705 | Orc:2    | Entered Level 2 of the Orcish Mines
 19719 | Orc:2    | Received a gift from Okawaru
 19808 | Orc:2    | Noticed Azrael
 19840 | Orc:2    | Killed Azrael
 20178 | Orc:2    | Received a gift from Okawaru
 20220 | Orc:2    | Reached skill level 15 in Axes
 20802 | Orc:2    | Found a staircase to the Elven Halls.
 20871 | Orc:2    | Paralysed by an orc sorcerer for 5 turns
 21139 | Orc:2    | Found a roughly hewn altar of Beogh.
 21177 | Orc:2    | Received a gift from Okawaru
 21516 | Orc:2    | Found Itoy's Assorted Antiques.
 21540 | Orc:2    | Found Hoselyg's Distillery.
 21554 | Orc:2    | Bought a potion of resistance for 140 gold pieces
 21674 | Orc:2    | Noticed an orc warlord
 21696 | Orc:2    | Killed an orc warlord
 21696 | Orc:2    | Reached skill level 16 in Axes
 21802 | Orc:2    | Noticed Donald
 21824 | Orc:2    | Killed Donald
 22043 | Orc:2    | Found a roughly hewn altar of Beogh.
 22060 | Orc:2    | Found Qitt's Food Boutique.
 22626 | Orc:2    | Found Hifiqus's Antique Armour Emporium.
 22995 | Lair:6   | Entered Level 6 of the Lair of Beasts
 23417 | Lair:6   | Reached skill level 17 in Axes
 23818 | Lair:6   | Received a gift from Okawaru
 23835 | Lair:6   | Reached XP level 15. HP: 127/147 MP: 12/20
 23843 | Lair:6   | Received a gift from Okawaru
 24187 | Lair:6   | Found a staircase to the Slime Pits.
 24785 | Lair:6   | Got a translucent whip
 24814 | Lair:6   | Got a transparent flail
 25431 | D:12     | Reached skill level 18 in Axes
 26157 | D:13     | Noticed Nessos
 26159 | D:13     | Found a gate to the Vaults.
 26159 | D:13     | Noticed Rupert
 26179 | D:13     | Killed Nessos
 26191 | D:13     | Killed Rupert
 26199 | D:13     | Received a gift from Okawaru
 26232 | D:13     | Noticed Kirke
 26253 | D:13     | Killed Kirke
 26732 | D:13     | Identified a scroll of acquirement
 27061 | D:14     | Reached skill level 5 in Throwing
 27143 | D:14     | Received a gift from Okawaru
 27213 | D:14     | Reached skill level 19 in Axes
 28029 | D:14     | Got an ancient hand axe
 28035 | D:14     | Identified the +7 hand axe of Nutuann {speed, rC- Str+6 Dex+2} (You found it on level 14 of the Dungeon)
 28039 | D:14     | Identified the cursed +3 whip of Circular Logic {venom, rC+ Int+7} (You found it on level 6 of the Lair of Beasts)
 28041 | D:14     | Identified the +1 flail "Vita" {drain, rC++ Dex+7} (You found it on level 6 of the Lair of Beasts)
 28405 | D:15     | Entered Level 15 of the Dungeon
 28425 | D:15     | Reached XP level 16. HP: 149/157 MP: 21/21
 28513 | D:15     | Received a gift from Okawaru
 28533 | D:15     | Got an ichor-stained chain mail
 28544 | D:15     | Identified the +9 chain mail of Divine Intervention {MR+} (You found it on level 15 of the Dungeon)
 29350 | D:15     | Found a staircase to the Depths.
 30139 | Elf:1    | Entered Level 1 of the Elven Halls
 30165 | Elf:1    | Noticed Louise
 30195 | Elf:1    | Killed Louise
 30535 | Elf:1    | Found an ancient bone altar of Kikubaaqudgha.
 30943 | Elf:1    | Noticed Roxanne
 31235 | Elf:1    | Killed Roxanne
 31240 | Elf:1    | Received a gift from Okawaru
 31646 | Elf:2    | Noticed Aizul
 31671 | Elf:1    | Killed Aizul
 32043 | Elf:2    | Reached skill level 20 in Axes
 32281 | Elf:2    | Noticed Nikola
 32311 | Elf:2    | Killed Nikola
 32317 | Elf:2    | Cast into level 3 of the Abyss (a deep elf demonologist)
 32325 | Abyss:3  | Got a dazzling plate armour
 32606 | Abyss:3  | Noticed a tentacled starspawn
 32703 | Abyss:3  | Noticed a lich
 32704 | Abyss:4  | Found a corrupted altar of Lugonu.
 32715 | Abyss:4  | Found a corrupted altar of Lugonu.
 32738 | Elf:2    | Escaped the Abyss
 32986 | Elf:2    | Reached skill level 15 in Armour
 32988 | Elf:2    | Cast into level 3 of the Abyss (a deep elf sorcerer)
 33039 | Abyss:3  | Noticed a tentacled starspawn
 33154 | Abyss:4  | Noticed a bone dragon
 33203 | Abyss:4  | Noticed a tentacled starspawn
 33240 | Abyss:4  | Received a gift from Okawaru
 33416 | Abyss:4  | Got an abyssal rune of Zot
 33418 | Abyss:4  | Received a gift from Okawaru
 33421 | Abyss:4  | Slain by a crystal guardian

Skill      XL: |  1  2  3  4  5  6  7  8  9 10 11 12 13 14 15 16 |
---------------+-------------------------------------------------+-----
Axes           | 3 4 5 6 7 9 11 12 13 14 17 19 20 | 20.8
Armour         | 4 7 9 11 12 13 15 | 15.0
Fighting       | 7 9 10 12 13 15 17 18 19 | 19.0
Evocations     | 3 8 |  8.0
Throwing       | 4 5 6 |  6.0
Invocations    | 1 7 8 |  8.0
Shields        | 4 |  4.0

Action                   |  1- 3 |  4- 6 |  7- 9 | 10-12 | 13-15 | 16-18 || total
-------------------------+-------+-------+-------+-------+-------+-------++-------
Melee: War axe           |    66 |   165 |    94 |       |       |       ||   325
       Headbutt          |    10 |    22 |    62 |   172 |   424 |   136 ||   826
       Hand axe          |       |       |   206 |   635 |  1384 |   450 ||  2675
       Unarmed           |       |       |       |       |     9 |       ||     9
Throw: Javelin           |       |       |       |       |    63 |    48 ||   111
       Tomahawk          |       |       |       |       |    59 |     9 ||    68
Invok: Heroism           |       |       |       |     7 |    28 |    14 ||    49
       Finesse           |       |       |       |     5 |    20 |     7 ||    32
 Abil: Evoke Berserk Rag |       |       |     4 |     2 |     6 |       ||    12
  Use: Scroll            |       |       |    10 |     7 |    20 |     9 ||    46
       Potion            |       |       |       |     5 |     3 |     9 ||    17
  Eat: Chunk             |       |     9 |    15 |    18 |    61 |     1 ||   104
       Ration            |       |       |     1 |     3 |     5 |     4 ||    13
Armor: Scale mail        |    24 |    63 |     2 |       |       |       ||    89
       Plate armour      |       |       |   125 |   257 |   518 |     9 ||   909
       Chain mail        |       |       |       |       |       |   265 ||   265
Dodge: Dodged            |    16 |    44 |    37 |    85 |   246 |   199 ||   627
Block: Shield            |    26 |    69 |    93 |   330 |   518 |       ||  1036
       Buckler           |       |       |       |       |   168 |   192 ||   360
